 Dungeon Crawl Stone Soup version 0.24-a0-640-ge7cd8ce796 (webtiles) character file.

Game seed: 10509798258932578480, levelgen mode: deterministic

6 Dexcius the Firebug (level 1, 0/14 HPs)
             Began as a Hill Orc Fire Elementalist on Sept 24, 2019.
             Slain by a bat (1 damage)
             ... on level 1 of the Dungeon.
             The game lasted 00:01:39 (111 turns).

Dexcius the Firebug (Hill Orc Fire Elementalist)     Turns: 111, Time: 00:01:40

Health: 0/14       AC:  2    Str: 10    XL:     1   Next: 90%
Magic:  0/3        EV: 12    Int: 15    God:
Gold:   27         SH:  0    Dex: 11    Spells: 2/3 levels left

rFire    . . .     SeeInvis .   b - +0 club
rCold    . . .     Gourm    .   (no shield)
rNeg     . . .     Faith    .   a - +0 robe
rPois    .         Spirit   .   (no helmet)
rElec    .         Reflect  .   (no cloak)
rCorr    .         Harm     .   (no gloves)
MR       .....                  (no boots)
Stlth    ++........             (no amulet)
HPRegen  0.04/turn              (no ring)
MPRegen  0.08/turn              (no ring)

@: no status effects
A: no striking features
a: no special abilities


You were on level 1 of the Dungeon.
You were not hungry.

You visited 1 branch of the dungeon, and saw 1 of its levels.

You collected 27 gold pieces.

Inventory:

Hand Weapons
 b - a +0 club (weapon)
Armour
 a - a +0 robe (worn)
Scrolls
 e - a scroll of amnesia {unknown}
Potions
 d - 2 potions of agility {unknown}
Comestibles
 c - a ration


   Skills:
 + Level 1.6 Dodging
 + Level 1.5 Stealth
 + Level 1.8 Spellcasting
 + Level 1.0 Conjurations
 + Level 3.4 Fire Magic


You had 2 spell levels left.
You knew the following spells:

 Your Spells              Type           Power        Failure   Level  Hunger
a - Flame Tongue          Conj/Fire      #....        9%          1    ##.....

Your spell library contained the following spells:

 Spells                   Type           Power        Failure   Level  Hunger
 Throw Flame              Conj/Fire      #.....       14%         2    ###....
 Conjure Flame            Conj/Fire      #.......     26%         3    ####...
 Inner Flame              Hex/Fire       #.......     32%         3    ####...
 Sticky Flame             Conj/Fire      #.......     65%         4    #####..
 Fireball                 Conj/Fire      #.........   94%         5    ######.


Dungeon Overview and Level Annotations

Branches:
Dungeon (1/15)

Altars:


Message History

The rat is moderately wounded.
The bat closely misses you. The goblin hits you with a +0 dagger.
* * * LOW HITPOINT WARNING * * *
The rat bites you.
* * * LOW HITPOINT WARNING * * *
The kobold throws a stone.
The stone misses you. The bat barely misses you.
You closely miss the rat.
The rat is moderately wounded.
The bat hits you but does no damage. x2; The goblin misses you.
The rat bites you but does no damage.
The kobold throws a stone.
The stone barely misses you.
Casting: Flame Tongue (safe; 9% risk of failure)
Confirm with . or Enter, or press ? or * to list all spells.
Aiming: Flame Tongue (safe; 9% risk of failure)
Press: ? - help, Shift-Dir - straight line, f/p - rat
Aim: a rat (moderately wounded)
The flame tongue hits the rat!
You kill the rat!
The bat hits you.
You die...

....# ..K# # ..?. .# .
####### #..# #.#..
..#...# #.>##...
..#...## ###.....
.......######....g## .
......##≈≈≈≈#..b@..##...
.......#≈≈≈≈#.#†##....#
..#....'≈≈≈≈+.....###...
..#...##≈≈≈≈#.......# .
..#....#≈≈≈≈#.####..#
###....######.# ###
.#......#.....##
...............####
..................#


You could see a goblin, a bat and a kobold.

Vanquished Creatures
  A bat (D:1)
  2 goblins (D:1)
  A kobold (D:1)
  A frilled lizard (D:1)
  A rat (D:1)
6 creatures vanquished.

Notes
Turn   | Place    | Note
-------+----------+-------------------------------------------
     0 | D:1      | Dexcius the Hill Orc Fire Elementalist began the quest for
                  | the Orb.
     0 | D:1      | Reached XP level 1. HP: 14/14 MP: 3/3
   111 | D:1      | Slain by a bat

Levels and vault maps discovered:
D:1:      scummos_arrival_forest, layout_rooms, chequers_serial_rivers_room_b

Action                   || total
-------------------------++-------
Melee: Club              ||     7
       Unarmed           ||     4
 Cast: Flame Tongue      ||     9
Armor: Robe              ||     5
Dodge: Dodged            ||    18

Table legend:
 A = Non-vault XP
 B = Vault XP
 C = Vault XP percentage of total XP
 D = Non-vault monster count
 E = Vault monster count
 F = Vault count percentage of total count
                 A         B        C        D         E       F
            +---------+---------+-------+---------+---------+-------
      Total |       9 |       0 |   0.0 |       6 |       0 |   0.0
            +---------+---------+-------+---------+---------+-------
        D:1 |       9 |       0 |   0.0 |       6 |       0 |   0.0
            +---------+---------+-------+---------+---------+-------
